 Dungeon Crawl Stone Soup version 0.26.1-16-g4e020e15dc (webtiles) character file.

Game seed: 4626736729329264236

105 Froggeryz the Caller (level 4, -5/26 HPs)
             Began as a Tengu Summoner on Mar 8, 2024.
             Killed from afar by a white imp (11 damage)
             ... with a puff of frost
             ... on level 4 of the Dungeon.
             The game lasted 00:06:46 (5402 turns).

Froggeryz the Caller (Tengu Summoner)               Turns: 5402, Time: 00:06:46

Health: -5/26      AC:  2    Str:  9    XL:     4   Next: 81%
Magic:  4/9        EV: 12    Int: 16    God:
Gold:   181        SH:  0    Dex: 14    Spells: 2/8 levels left

rFire    . . .     SeeInvis .   h - +0 short sword (holy)
rCold    . . .     Faith    .   (no shield)
rNeg     . . .     Spirit   .   a - +0 robe
rPois    .         Reflect  .   (helmet restricted)
rElec    .         Harm     .   (no cloak)
rCorr    .         Rampage  .   (no gloves)
Will     .....                  (boots unavailable)
Stlth    ++........             (no amulet)
HPRegen  0.08/turn              (no ring)
MPRegen  0.11/turn              (no ring)

@: no status effects
A: beak, talons 3
a: no special abilities


You were on level 4 of the Dungeon.
You visited 1 branch of the dungeon, and saw 4 of its levels.

You collected 181 gold pieces.

Inventory:

Hand Weapons
 h - a +0 short sword of holy wrath (weapon)
Armour
 a - a +0 robe (worn)
Scrolls
 c - 2 scrolls of enchant armour {unknown}
 e - 2 scrolls of teleportation
 f - a scroll of blinking
 k - 2 scrolls of enchant weapon {unknown}
 l - a scroll of amnesia {unknown}
 m - a scroll of identify
 o - a scroll of magic mapping
Potions
 b - 3 potions of cancellation
 d - a potion of heal wounds {unknown}
 g - 2 potions of berserk rage {unknown}
 i - a potion of might {unknown}
 j - 2 potions of invisibility {unknown}
 n - a potion of degeneration {unknown}


   Skills:
 + Level 1.7 Fighting
 - Level 2.1 Dodging
 - Level 2.0 Stealth
 + Level 2.7 Spellcasting
 * Level 6.2 Summonings


You had 2 spell levels left.
You knew the following spells:

 Your Spells              Type           Power        Failure   Level
a - Summon Small Mammal   Summ           88%          1%          1
b - Call Imp              Summ           22%          2%          2
c - Call Canine Familiar  Summ           22%          4%          3

Your spell library contained the following spells:

 Spells                   Type           Power        Failure   Level
 Corona                   Hex            2%           19%         1
 Ensorcelled Hibernation  Hex/Ice        4%           28%         2
 Summon Guardian Golem    Hex/Summ       12%          16%         3
 Summon Ice Beast         Ice/Summ       12%          47%         4
 Summon Lightning Spire   Summ/Air       12%          47%         4
 Confusing Touch          Hex            2%           50%         3
 Dazzling Flash           Conj/Hex       4%           50%         3
 Tukima's Dance           Hex            2%           50%         3


Dungeon Overview and Level Annotations

Branches:
Dungeon (4/15)
 Temple: D:4-7

Altars:
Dithmenos
Fedhas
Nemelex Xobeh
Okawaru
Qazlal
Sif Muna
Zin


Innate Abilities, Weirdness & Mutations

You have a beak for a mouth.
You have claws for feet.


Message History

Your bat barely misses the orc. x2; Your hound misses the white imp.
The white imp barely misses your hound.
Your hound barely misses the white imp.
The orc hits you but does no damage.
You closely miss the orc.
The orc is heavily wounded.
Your bat closely misses the orc.
Your bat hits the orc but does no damage.
Your hound barely misses the white imp.
The white imp gestures at you. The puff of frost hits your hound.
Your hound dies!
Your hound's corpse disappears in a puff of smoke!
The orc hits you but does no damage.
You completely miss the orc.
The orc is heavily wounded.
Your bat barely misses the orc.
Your bat hits the orc but does no damage.
The white imp gestures at you. The puff of frost hits you!
You die...

####...
.......#######. ..#
...............
...............
..............#
............#
....5.....# .##
#######..>.....#
....#.....@.oob....#
..........##.......#
........####(......#
..##.##.<###.......#
# ##......######
######.... ###.


You could see an orc wizard, a white imp, an orc and a friendly bat (summoned).

Vanquished Creatures
  An adder (D:3)
  A howler monkey skeleton (D:3)
  A worm (D:3)
  3 dart slugs
  2 ball pythons (D:3)
  8 bats
  2 giant cockroaches
  5 goblins
  7 hobgoblins
  A jackal (D:1)
  2 quokkas (D:3)
  A frilled lizard (D:1)
  5 kobolds
  4 rats (D:1)
43 creatures vanquished.

Vanquished Creatures (collateral kills)
  2 adders
  2 oozes (D:2)
  A dart slug (D:2)
  An orc (D:3)
  A giant cockroach (D:2)
  2 goblins
  5 hobgoblins
  9 jackals (D:1)
  2 kobolds
  4 bats
  3 frilled lizards (D:1)
  A rat (D:2)
33 creatures vanquished.

Vanquished Creatures (others)
  A bat (D:1)
  9 plants
10 creatures vanquished.

Grand Total: 86 creatures vanquished

Notes
Turn   | Place    | Note
-------+----------+-------------------------------------------
     0 | D:1      | Froggeryz the Tengu Summoner began the quest for the Orb.
     0 | D:1      | Reached XP level 1. HP: 10/10 MP: 4/4
    34 | D:1      | Reached skill level 5 in Summonings
   197 | D:1      | Reached XP level 2. HP: 16/16 MP: 1/6
  1331 | D:1      | Reached skill level 1 in Fighting
  1331 | D:1      | Reached XP level 3. HP: 3/20 MP: 3/7
  2173 | D:2      | Learned a level 2 spell: Call Imp
  2614 | D:2      | Found a shimmering blue altar of Sif Muna.
  2620 | D:2      | Found an iron altar of Okawaru.
  2620 | D:2      | Found a blossoming altar of Fedhas.
  2635 | D:2      | Found a glowing silver altar of Zin.
  2635 | D:2      | Found a shadowy altar of Dithmenos.
  2637 | D:2      | Found a stormy altar of Qazlal.
  2637 | D:2      | Found a sparkling altar of Nemelex Xobeh.
  3581 | D:3      | Reached XP level 4. HP: 20/25 MP: 4/8
  3585 | D:3      | Learned a level 3 spell: Call Canine Familiar
  3648 | D:3      | Found a faded altar of an unknown god.
  3815 | D:3      | Reached skill level 6 in Summonings
  4972 | D:4      | Noticed an orc warrior
  5402 | D:4      | Killed from afar by a white imp

Illustrated notes

Levels and vault maps discovered:
D:1:      dpeg_arrival_central, layout_loops_ring, serial_forest,
          infiniplex_forest_zigzag_1, infiniplex_forest_clump_curved,
          infiniplex_forest_end_3, infiniplex_forest_corner_1,
          infiniplex_forest_end_3, infiniplex_forest_straight_5,
          infiniplex_forest_clump_double, infiniplex_forest_lined_3,
          infiniplex_forest_side_room, infiniplex_forest_straight_4,
          hangedman_abyss_or_decor_lesser_grid, bh_walls_and_bars
D:2:      mumra_celtic_spiral_tile, layout_basic, grunt_temple_overflow_open
D:3:      layout_basic, chequers_ecumenical_altar_island, serial_bayou_lagoon_b
D:4:      layout_rooms, nzn_hepliaklqana_mist_gate, serial_shops,
          kennysheep_little_box, minmay_close_crescents

Skill      XL: |  1  2  3  4 |
---------------+-------------+-----
Summonings     | 5 6 |  6.2
Fighting       | 1 |  1.7
Dodging        | |  2.1
Stealth        | |  2.0
Spellcasting   | |  2.7

Action                   |  1- 3 |  4- 6 || total
-------------------------+-------+-------++-------
Melee: Unarmed           |     7 |       ||     7
       Kick              |    21 |    16 ||    37
       Peck              |    13 |     7 ||    20
       Short sword       |    86 |    52 ||   138
 Cast: Summon Small Mamm |    47 |    17 ||    64
       Call Imp          |     2 |     3 ||     5
       Call Canine Famil |       |     9 ||     9
  Use: Scroll            |     4 |     1 ||     5
 Stab: Sleeping          |     7 |       ||     7
       Distracted        |       |     1 ||     1
Armor: Robe              |    19 |    12 ||    31
Dodge: Dodged            |    58 |    52 ||   110
